 Dungeon Crawl Stone Soup version 0.26-b1-45-g23770d1d51 (webtiles) character file.

Game seed: 13201519995188334686

108 DocSulfur the Ruffian (level 4, 0/32 HPs)
             Began as a Draconian Transmuter on Jan 6, 2021.
             Killed from afar by an orc wizard (8 damage)
             ... with a puff of frost
             ... on level 4 of the Dungeon.
             The game lasted 00:03:41 (2411 turns).

DocSulfur the Ruffian (Draconian Transmuter)        Turns: 2411, Time: 00:03:42

Health: 0/32       AC:  5    Str: 13    XL:     4   Next: 58%
Magic:  6/7        EV: 12    Int: 13    God:
Gold:   125        SH:  0    Dex: 12    Spells: 5/8 levels left

rFire    . . .     SeeInvis .     - Unarmed
rCold    . . .     Faith    .   (no shield)
rNeg     . . .     Spirit   .   (armour unavailable)
rPois    .         Reflect  .   (helmet restricted)
rElec    .         Harm     .   (no cloak)
rCorr    .         Rampage  .   (no gloves)
Will     .....     Rnd*Rage +   (no boots)
Stlth    +.........             (no amulet)
HPRegen  0.10/turn              (no ring)
MPRegen  0.10/turn              (no ring)

@: wereblooded (expiring)
A: unfitting armour, claws 1, berserk 1, blurry vision 1, frail 1, cold-blooded,
AC +5
a: no special abilities


You were on level 4 of the Dungeon.
You visited 1 branch of the dungeon, and saw 3 of its levels.

You collected 125 gold pieces.

Inventory:

Missiles
 a - 82 arrows
 g - 141 stones
 m - 23 bolts
Jewellery
 d - an uncursed ring of fire
Wands
 f - a wand of flame (25)
Scrolls
 b - a scroll of remove curse
 c - 2 scrolls of magic mapping
 e - a scroll of fog {unknown}
 i - 2 scrolls of identify {unknown}
 j - 2 scrolls of fear {unknown}
 k - a scroll of enchant weapon {unknown}
 l - a scroll of amnesia {unknown}
 n - a scroll of immolation {unknown}
Potions
 h - a potion of attraction


   Skills:
 + Level 2.0 Fighting
 - Level 1.8 Dodging
 * Level 4.1 Unarmed Combat
 + Level 2.5 Spellcasting
 * Level 3.1 Transmutations


You had 5 spell levels left.
You knew the following spells:

 Your Spells              Type           Power        Failure   Level
a - Beastly Appendage     Tmut           18%          7%          1
b - Wereblood             Tmut           9%           10%         2

Your spell library contained the following spells:

 Spells                   Type           Power        Failure   Level
 Spider Form              Tmut/Pois      2%           36%         3
 Ice Form                 Ice/Tmut       5%           77%         4
 Blade Hands              Tmut           4%           88%         5


Dungeon Overview and Level Annotations

Branches:
Dungeon (2/15)

Altars:


Innate Abilities, Weirdness & Mutations

Your plain brown scales are hard. (AC +5)
You cannot fit into any form of body armour.
You are cold-blooded and may be slowed by cold attacks.
You have sharp fingernails.
You tend to lose your temper in combat.
Scrolls take you a little longer to read.
You are frail. (-10% HP)


Message History

The orc wizard casts a spell at you. The puff of flame misses you.
Something hits you.
* * * LOW HITPOINT WARNING * * *
You hear some strange, mumbled words.
Something tries to affect you, but you resist.
You howl as the wereblood boils in your veins!
You howl as the wereblood boils in your veins!
The orc wizard gestures at you while chanting.
The puff of frost hits something.
Found a rapier.
Found a stone staircase leading down.
Your horns disappear.
Your talons disappear.
Found a stone staircase leading down.
You howl as the wereblood boils in your veins!
Your primal bloodlust is almost over.
Found a robe.
You howl as the wereblood boils in your veins!
An orc comes into view. It is wielding a +0 hand axe.
The orc wizard casts a spell at you. The puff of frost hits you!
You die...

....##o.....#
#...#o)............#
.##..o..o..........##
....#####...........#
....o#####[..[.>....
.....o...##.......# #
...#.o...##.#....# .##
###.......#.....)#...##
#......##..{..@>....#
#.......oo...........#
##.......o.......#..##
.........#.......# .#
8.8.8...###......... #
.....................
8.8..........#........
####...####.#..##....
... .# ..


You could see an orc wizard and 2 orcs.

Vanquished Creatures
  An orc priest (D:4)
  2 adders (D:2)
  2 worms (D:2)
  4 dart slugs
  A leopard gecko (D:1)
  3 bats
  2 giant cockroaches
  5 goblins
  7 hobgoblins
  4 jackals (D:2)
  A ball python (D:2)
  5 frilled lizards
  6 kobolds
  3 rats
46 creatures vanquished.

Vanquished Creatures (others)
  An orc (D:4)
1 creature vanquished.

Grand Total: 47 creatures vanquished

Notes
Turn   | Place    | Note
-------+----------+-------------------------------------------
     0 | D:1      | DocSulfur the Draconian Transmuter began the quest for the
                  | Orb.
     0 | D:1      | Reached XP level 1. HP: 16/16 MP: 3/3
   305 | D:1      | Reached XP level 2. HP: 21/23 MP: 3/5
   308 | D:1      | Learned a level 2 spell: Wereblood
  1129 | D:2      | Reached XP level 3. HP: 28/28 MP: 4/6
  1540 | D:2      | Gained mutation: You are frail. (-10% HP) [potion of
                  | mutation]
  1540 | D:2      | Gained mutation: You tend to lose your temper in combat.
                  | [potion of mutation]
  1540 | D:2      | Gained mutation: Scrolls take you a little longer to read.
                  | [potion of mutation]
  1540 | D:2      | Gained mutation: You have sharp fingernails. [potion of
                  | mutation]
  2316 | D:2      | Reached XP level 4. HP: 32/32 MP: 7/7
  2380 | D:2      | You fall into a shaft and drop 2 floors!
  2395 | D:4      | Reached skill level 4 in Unarmed Combat
  2411 | D:4      | Killed from afar by an orc wizard

Illustrated notes

Levels and vault maps discovered:
D:1:      lightli_molten_gateway, layout_basic
D:2:      layout_loops_ring, minmay_misc_feat_x, minmay_randomly_rotated_circles
D:4:      layout_cave_pools, serial_column_ruins, column_ruins_hut_ruined,
          column_ruins_corridor_dead_end, column_ruins_corridor_straight,
          column_ruins_open_small, minmay_misc_feat_alley

Skill      XL: |  1  2  3  4 |
---------------+-------------+-----
Fighting       | 2 |  2.0
Unarmed Combat | 4 |  4.1
Transmutations | 3 |  3.1
Dodging        | |  1.8
Spellcasting   | |  2.5

Action                   |  1- 3 |  4- 6 || total
-------------------------+-------+-------++-------
Melee: Unarmed           |   163 |    20 ||   183
       Tailslap          |    13 |     3 ||    16
       Kick              |    18 |       ||    18
       Headbutt          |     9 |     1 ||    10
       Punch             |     2 |       ||     2
 Cast: Beastly Appendage |    21 |     2 ||    23
       Wereblood         |       |     1 ||     1
  Use: Potion            |     4 |       ||     4
       Scroll            |     2 |       ||     2
Armor: Skin              |    52 |     9 ||    61
Dodge: Dodged            |   100 |    18 ||   118
